 Dungeon Crawl Stone Soup version 0.18-a0-943-g2c08dd4 (webtiles) character file.

34 GeneralIdiocy the Bolt Thrower (level 3, -4/22 HPs)
             Began as a Kobold Hunter on Dec 29, 2015.
             Slain by Crazy Yiuf
             ... wielding a +4 quarterstaff of chaos
              (16 damage)
             ... while paralysed by Crazy Yiuf
             ... on level 2 of the Dungeon.
             The game lasted 00:03:51 (1255 turns).

GeneralIdiocy the Bolt Thrower (Kobold Hunter)      Turns: 1255, Time: 00:03:51

Health: -4/22      AC:  0    Str: 10    XL:     3   Next: 50%
Magic:  3/3        EV:  5    Int:  9    God:
Gold:   106        SH:  0    Dex: 17    Spells: 0 memorised, 2 levels left

rFire  . . .     SeeInvis .     (weapon currently unavailable)
rCold  . . .     Gourm    .     (armour currently unavailable)
rNeg   . . .     Faith    .     (shield currently unavailable)
rPois  .         Spirit   .     (helmet currently unavailable)
rElec  .         Dismiss  .     (cloak currently unavailable)
rCorr  .         Reflect  .     (gloves currently unavailable)
SustAt .         Harm     .     (boots currently unavailable)
MR     .....                    (amulet currently unavailable)
Stlth  ++........               (ring currently unavailable)
                                (ring currently unavailable)

@: paralysed, porcupine-form, quick, not resistant to hostile enchantments,
unstealthy
A: carnivore 3
a: no special abilities


You were on level 2 of the Dungeon.
You were not hungry.
You were a spiny porcupine.
You visited 1 branch of the dungeon, and saw 2 of its levels.

You collected 106 gold pieces.

Inventory:

Hand Weapons
 a - a +1 hand crossbow (melded)
 b - a +0 short sword
Missiles
 d - 46 bolts
Armour
 c - a +0 leather armour (melded)
 g - a +0 pair of boots (melded)
Jewellery
 i - a +4 ring of strength (melded)
 p - an amulet of the gourmand (melded)
Scrolls
 e - 2 scrolls of teleportation {unknown}
 h - a scroll of fear {unknown}
 k - 5 scrolls of identify {unknown}
 l - a scroll of blinking {unknown}
 q - a scroll of magic mapping {unknown}
Potions
 j - a potion of heal wounds {unknown}
 m - 2 potions of curing {unknown}
 n - a potion of poison {unknown}
 o - a potion of cure mutation {unknown}
Comestibles
 f - a meat ration


   Skills:
 + Level 2.9 Fighting
 + Level 1.3 Short Blades
 + Level 5.4 Crossbows
 - Level 2.4 Dodging
 - Level 1.3 Stealth


You had 2 spell levels left.
You didn't know any spells.

Dungeon Overview and Level Annotations

Branches:
Dungeon (2/15)

Altars:
Makhleb
Ru
Yredelemnul

Annotations:
D:2 Crazy Yiuf


Innate Abilities, Weirdness & Mutations

You are small and have problems with some larger weapons.
You are carnivorous and can eat meat at any time.


Message History

Really attack barehanded?
Okay, then.
Really attack barehanded?
You hit Crazy Yiuf but do no damage.
Crazy Yiuf zaps a wand.
You resist with significant effort.
You hit Crazy Yiuf.
Crazy Yiuf is lightly wounded.
Crazy Yiuf zaps a wand.
Crazy Yiuf is nearby!
You hit Crazy Yiuf but do no damage.
Crazy Yiuf is lightly wounded.
Crazy Yiuf hits you with a quarterstaff of chaos!
Ouch! That really hurt!
You suddenly lose the ability to move!
Crazy Yiuf barely misses you. Crazy Yiuf hits you but does no damage.
Crazy Yiuf is struck by your spines.
Crazy Yiuf hits you with a quarterstaff of chaos!
Ouch! That really hurt!
You die...

#. #######.#.#### #.#
#.#.†... #.##.#
#.###### #.##.# #<#
#.##.# #.#
#.##.###♣♣♣♣♣ #.#####
#.##.#.#..♣.♣♣♣ ###
#.....#
###.##.......♣..♣#...#
#####.#
..#.##....♣.♣♣♣♣rg...#
#.## ..#......#.♣♣
♣♣#..)# #<..
........##♣♣ ### #.##
..#(....# #.#
........# #.#
..#.....### #### #.##
..#.......# #####..#
#... #.#.......#
#......# #.#.
#.####.######.####.#
#...


You could see Crazy Yiuf.

Vanquished Creatures
  A worm (D:2)
  A giant gecko (D:1)
  3 giant cockroaches
  6 hobgoblins
  3 kobolds (D:1)
  A quokka (D:2)
  5 bats
  2 giant newts
  4 goblins
  3 rats
29 creatures vanquished.

Notes
Turn   | Place    | Note
--------------------------------------------------------------
     0 | D:1      | GeneralIdiocy the Kobold Hunter began the quest for the Orb.
     0 | D:1      | Reached XP level 1. HP: 12/12 MP: 1/1
    43 | D:1      | Reached skill level 5 in Crossbows
   141 | D:1      | Reached XP level 2. HP: 18/18 MP: 2/2
   537 | D:1      | Reached skill level 1 in Short Blades
   537 | D:1      | Reached XP level 3. HP: 19/22 MP: 3/3
   867 | D:2      | Found a burning altar of Makhleb.
   883 | D:2      | Found a basalt altar of Yredelemnul.
   889 | D:2      | Found a sacrificial altar of Ru.
  1245 | D:2      | Noticed Crazy Yiuf
  1252 | D:2      | Paralysed by Crazy Yiuf for 6 turns
  1255 | D:2      | Slain by Crazy Yiuf

Vault maps used:
D:1:      evilmike_arrival_crescent
D:2:      minmay_overflow_temple_star_quad, roderic_malta_cross,
          uniq_crazy_yiuf_cottage, uniq_sigmund, uniq_natasha

Action                   || total
-------------------------++-------
Melee: Short sword       ||   117
       Unarmed           ||     3
 Fire: Hand crossbow     ||     7
  Eat: Chunk             ||     4
